 Dungeon Crawl Stone Soup version 0.32-a0-136-gc02482bde3 (webtiles) character file.

Game seed: 307681260151735439

687 whatisthis the Magician (level 7, -1/49 HPs)
             Began as a Djinni Air Elementalist on Feb 10, 2024.
             Killed from afar by a white imp (12 damage)
             ... with a puff of frost
             ... summoned by Eustachio
             ... on level 5 of the Dungeon.
             The game lasted 00:09:57 (3717 turns).

whatisthis the Magician (Djinni Air Elementalist)   Turns: 3717, Time: 00:09:58

Health: -1/49      AC:  3    Str:  7      XL:     7   Next: 94%
Gold:   207        EV: 13    Int: 19      God:
                   SH:  0    Dex: 12 (13)

rFire   + + .        g - staff of air
rCold   x . .        (no shield)
rNeg    . . .        a - +0 robe
rPois   ∞            o - +1 hat
rElec   +            (no cloak)
rCorr   .            (no gloves)
SInv    .            (boots unavailable)
Will    .....        (no amulet)
Stlth   ++           (no ring)
HPRegen 0.28/turn    (no ring)
MPRegen 0.00/turn

%: infuse magic (-2 HP)
@: weak-willed, jinxed, flying
A: sickness immunity, fire resistance 2, cold vulnerability 1, float, innate
caster, HP casting, extra vitality 1
a: no special abilities


You were on level 5 of the Dungeon.
You visited 1 branch of the dungeon, and saw 5 of its levels.
You also visited: Sewer.

You collected 207 gold pieces.

Inventory:

Hand Weapons
 s - a +0 short sword of venom
 t - the +3 rapier of the Muttering Rat {freeze, Will+ Str+2 Dex+2 Stlth-}
   (You found it on level 4 of the Dungeon)

   Str+2:     It affects your strength (+2).
   Dex+2:     It affects your dexterity (+2).
   Will+:     It increases your willpower.
   Stlth-:    It makes you less stealthy.
Missiles
 h - 12 poisoned darts
 l - a curare-tipped dart
Armour
 a - a +0 robe (worn)
 o - a +1 hat (worn)
Magical Staves
 g - a staff of air (weapon)
Wands
 r - a wand of charming (9)
Scrolls
 b - a scroll of fear {unknown}
 f - a scroll of blinking {unknown}
 i - a scroll of vulnerability {unknown}
 k - 2 scrolls of fog {unknown}
 n - 3 scrolls of identify {unknown}
 p - a scroll of noise {unknown}
Potions
 d - a potion of resistance {unknown}
 e - 4 potions of heal wounds
 j - 2 potions of lignification {unknown}
 m - 2 potions of enlightenment
 q - a potion of invisibility {unknown}


   Skills:
 - Level 2.5 Fighting
 - Level 3.7 Dodging
 - Level 1.5 Stealth
 + Level 6.3 Spellcasting
 + Level 6.3 Conjurations
 + Level 6.3 Hexes
 + Level 6.3 Summonings
 + Level 6.3 Necromancy
 + Level 6.3 Translocations
 + Level 6.3 Fire Magic
 + Level 6.3 Ice Magic
 + Level 6.3 Air Magic
 + Level 6.3 Earth Magic
 + Level 6.3 Alchemy


You knew the following spells:

 Your Spells              Type           Power      Damage    Failure   Level
a - Shock                 Conj/Air       100%       1d9       1%          1
b - Static Discharge      Conj/Air       90%        3-7/arc   1%          2
c - Swiftness             Air            45%        N/A       2%          3
d - Airstrike             Air            22%        2d(4-20)  9%          4
e - Magic Dart            Conj           100%       1d8       1%          1
f - Searing Ray           Conj           60%        2d6       1%          2
g - Jinxbite              Hex            60%        N/A       1%          2
Your spell library was empty.

Dungeon Overview and Level Annotations

Branches:
Dungeon (5/15)              Sewer (visited)
 Temple: D:4-7

Altars:
Zin

Shops:
D:2 ?(

Annotations:
D:3 3 runed translucent doors, Gryn's ghost, amateur OpHu
D:5 Eustachio


Innate Abilities, Weirdness & Mutations

You are immune to sickness and miasma.
You are immune to poison.
Your flesh is very heat resistant. (rF++)
You are vulnerable to cold. (rC-)
You float through the air rather than walking.
You learn spells naturally, not from books.
Your magical power is your life essence.
You have superior vitality. (+4 MHP)


Message History

Confirm with . or Enter, or press ? or * to list all spells.
You feel a surge of power!
Eustachio is struck by an arc of lightning!
Eustachio is heavily wounded.
You resist.
You are struck by an arc of lightning.
Eustachio is struck by an arc of lightning.
Eustachio is heavily wounded.
You resist.
You are struck by an arc of lightning.
The lightning grounds out.
Eustachio closely misses you.
Unknown command.
Casting: Static Discharge (safe; 1% risk of failure)
Confirm with . or Enter, or press ? or * to list all spells.
You feel a surge of power!
Eustachio is struck by an arc of lightning.
Eustachio is severely wounded.
You resist.
You are struck by an arc of lightning.
The white imp gestures at you. The puff of frost hits you!
You feel a terrible chill!
Eustachio hits you with a +3 vampiric rapier!
Casting: Static Discharge (safe; 1% risk of failure)
Confirm with . or Enter, or press ? or * to list all spells.
You feel a surge of power!
Eustachio is struck by an arc of lightning!
Eustachio is almost dead.
You resist.
You are struck by an arc of lightning.
* * * LOW HITPOINT WARNING * * *
Eustachio gestures wildly while chanting.
The white imp gestures at you. The puff of frost misses you.
The puff of frost hits the iron imp.
The iron imp resists.
Eustachio mumbles some strange words.
Eustachio blinks!
The quasit bites you.
* * * LOW HITPOINT WARNING * * *
You feel clumsy. The quasit claws you.
* * * LOW HITPOINT WARNING * * *
The quasit claws you but does no damage.
The white imp gestures at you. The puff of frost hits you!
You feel a terrible chill!
You die...

#............
............
....@......
#..........
#5<..[.....
#..........
#.S.......
#5@5......
##5.......
#........
##.......
###.... ##.#
# #.......
........
........


You could see Eustachio, an iron imp (summoned), a quasit (summoned), an adder
and 2 white imps.

Vanquished Creatures
  A centaur (D:4)
  2 kobold brigands (Sewer)
  A hound (D:3)
  A gnoll bouda (D:4)
  3 bombardier beetles
  2 orc wizards (D:4)
  A sleepcap (D:4)
  3 adders
  3 gnolls (D:4)
  4 river rats
  An ufetubus (D:3)
  8 ribbon worms
  2 dart slugs
  5 orcs
  6 endoplasms
  3 giant cockroaches
  14 goblins
  7 hobgoblins
  8 jackals
  9 kobolds
  5 quokkas
  3 ball pythons
  5 bats
  6 frilled lizards
  11 rats
114 creatures vanquished.

Notes
Turn   | Place    | Note
-------+----------+-------------------------------------------
     0 | D:1      | whatisthis the Djinni Air Elementalist began the quest for
                  | the Orb.
     0 | D:1      | whatisthis set off with the following spells memorised:
                  | Shock, Static Discharge, Swiftness, Airstrike.
     0 | D:1      | Reached XP level 1. HP: 15/15 MP: 0/0
    85 | D:1      | Reached XP level 2. HP: 16/21 MP: 0/0
   518 | D:1      | Reached XP level 3. HP: 23/25 MP: 0/0
   518 | D:1      | Learned a level 1 spell: Magic Dart
  1068 | D:2      | Found a glowing silver altar of Zin.
  1069 | D:2      | Found Qeir's Magic Scroll Shoppe.
  1219 | D:2      | Found Ustiady's Antique Weapon Emporium.
  1303 | D:2      | Reached XP level 4. HP: 27/31 MP: 0/0
  1520 | D:3      | Found a runed translucent gate.
  1520 | D:3      | Found a runed translucent gate.
  1521 | D:3      | Found a runed translucent gate.
  1522 | D:3      | Noticed Gryn's ghost (amateur OpHu)
  1680 | D:3      | Reached XP level 5. HP: 22/36 MP: 0/0
  1680 | D:3      | Learned a level 2 spell: Searing Ray
  1691 | D:3      | Reached skill level 1 in Fighting
  1805 | D:3      | Found a glowing drain.
  1818 | Sewer    | Entered a sewer
  1861 | Sewer    | Noticed a kobold brigand
  2014 | Sewer    | Noticed a kobold brigand
  2051 | Sewer    | Killed a kobold brigand
  2052 | Sewer    | Reached XP level 6. HP: 32/43 MP: 0/0
  2210 | Sewer    | Found a white marble altar of Elyvilon.
  2514 | D:3      | Reached skill level 5 in Spellcasting
  2514 | D:3      | Reached skill level 5 in Conjurations
  2514 | D:3      | Reached skill level 5 in Hexes
  2514 | D:3      | Reached skill level 5 in Summonings
  2514 | D:3      | Reached skill level 5 in Necromancy
  2514 | D:3      | Reached skill level 5 in Translocations
  2514 | D:3      | Reached skill level 5 in Fire Magic
  2514 | D:3      | Reached skill level 5 in Ice Magic
  2514 | D:3      | Reached skill level 5 in Air Magic
  2514 | D:3      | Reached skill level 5 in Earth Magic
  2514 | D:3      | Reached skill level 5 in Alchemy
  2631 | D:4      | Reached XP level 7. HP: 43/49 MP: 0/0
  2631 | D:4      | Learned a level 2 spell: Jinxbite
  3450 | D:4      | Identified the +3 rapier of the Muttering Rat {freeze,
                  | Will+ Str+2 Dex+2 Stlth-}
  3696 | D:5      | Entered Level 5 of the Dungeon
  3707 | D:5      | Noticed Eustachio
  3717 | D:5      | Killed from afar by a white imp

Illustrated notes

Levels and vault maps discovered:
D:1:      spicycebolla_arrival_xxxplode, layout_basic, interstate_on_off
D:2:      layout_rooms, basic_altar, serial_shops, nicolae_shop_behind_doors,
          shop, hangedman_feature_mirror
D:3:      minmay_general_purpose_star, layout_rooms, ebering_ghost_rock_garden,
          lightli_sewer_entry_pipes
D:4:      minmay_angry_zag, layout_loops_ring
D:5:      layout_cave_pods, lemuel_tele_altar, uniq_eustachio

Skill      XL: |  1  2  3  4  5  6  7 |
---------------+----------------------+-----
Spellcasting   | 4 5 6 |  6.3
Conjurations   | 4 5 6 |  6.3
Hexes          | 4 5 6 |  6.3
Summonings     | 4 5 6 |  6.3
Necromancy     | 4 5 6 |  6.3
Translocations | 4 5 6 |  6.3
Fire Magic     | 4 5 6 |  6.3
Ice Magic      | 4 5 6 |  6.3
Air Magic      | 4 5 6 |  6.3
Earth Magic    | 4 5 6 |  6.3
Alchemy        | 4 5 6 |  6.3
Fighting       | 2 |  2.5
Dodging        | 3 |  3.7
Stealth        | |  1.5

Action                     |  1- 3 |  4- 6 |  7- 9 || total
---------------------------+-------+-------+-------++-------
  Melee: Staff             |       |       |     1 ||     1
   Cast: Shock             |    71 |    88 |    65 ||   224
         Static Discharge  |       |    10 |    10 ||    20
         Jinxbite          |       |       |     2 ||     2
         Swiftness         |       |       |     1 ||     1
 Armour: Robe              |     5 |    14 |    26 ||    45
  Dodge: Dodged            |     3 |    11 |    12 ||    26

Table legend: (Time is in decaauts)
 A = Elapsed time spent in this place.
 B = Non-inter-level travel time spent in this place.
 C = Inter-level travel time spent in this place.
 D = Time resting spent in this place.
 E = Time spent auto-exploring this place.
 F = Levels seen in this place.
 G = Mean time per level.
                   A        B        C        D        E       F      G
               +--------+--------+--------+--------+--------+-----+--------+
         Total |   3715 |   3595 |    120 |    670 |   2012 |   6 |  619.2 |
       Dungeon |   3276 |   3156 |    120 |    480 |   1979 |   5 |  655.2 |
         Sewer |    438 |    438 |      0 |    190 |     33 |   1 |  438.0 |
               +--------+--------+--------+--------+--------+-----+--------+

Top non-repeatable levels by time:
     D:4: 1089 daAuts
     D:1: 978 daAuts
     D:3: 687 daAuts
     D:2: 510 daAuts
   Sewer: 438 daAuts
     D:5: 11 daAuts
